Map: Ascension to Aiur LE

Players

Harstem

  • Race: Protoss Protoss
  • League: Master
  • Spawn Location: 5:00

AxImpact (Impact) - Winner!

  • Race: Zerg Zerg
  • League: Diamond
  • Spawn Location: 11:00

Event: HomeStory Cup XVI

VOD

Have the link to the VOD?

Description

Time

  • Played on: Nov. 11, 2017, 1:56 p.m.
  • Length: 18:48

All games in this series

Show
View Real Time Build Order
Export as new Build Order

Harstem Protoss 

Build Orders: 1 Gate Expand, Oracle Opening 

Get SALT Encoding   

  12  0:01  Probe (Chrono Boost)  
  13  0:07  Probe (Chrono Boost)  
  14  0:17  Pylon  
  14  0:23  Probe (Chrono Boost)  
  16  0:36  Probe (Chrono Boost)  
  16  0:40  Gateway  
  16  0:48  Assimilator  
  16  0:49  Probe (Chrono Boost)  
  17  0:59  Probe (Chrono Boost)  
  18  1:05  Probe (Chrono Boost)  
  19  1:15  Probe (Chrono Boost)  
  20  1:24  Nexus  
  20  1:33  Cybernetics Core  
  20  1:38  Probe (Chrono Boost)  
  21  1:41  Assimilator  
  21  1:50  Probe (Chrono Boost)  
  21  1:51  Pylon  
  23  2:02  Probe (Chrono Boost)  
  23  2:08  Probe (Chrono Boost)  
  23  2:09  Adept  
  26  2:16  Probe (Chrono Boost)  
  26  2:20  Stargate  
  27  2:29  Warp Gate, Probe (Chrono Boost)  
  29  2:38  Probe (Chrono Boost)  
  29  2:39  Stalker  
  29  2:41  Probe (Chrono Boost)  
  32  2:50  Probe (Chrono Boost)  
  34  2:53  Probe (Chrono Boost)  
  34  2:57  Oracle  
  34  3:02  Probe (Chrono Boost)  
  34  3:05  Probe (Chrono Boost)  
  36  3:11  Gateway  
  39  3:15  Probe (Chrono Boost)  
  39  3:17  Probe (Chrono Boost)  
  39  3:18  Pylon  
  41  3:22  Adept  
  41  3:27  Probe (Chrono Boost)  
  44  3:29  Probe (Chrono Boost)  
  44  3:31  Gateway  
  45  3:38  Oracle  
  45  3:39  Probe (Chrono Boost)  
  50  3:41  Probe (Chrono Boost)  
  50  3:50  Pylon  
  50  3:51  Probe (Chrono Boost)  
  50  3:53  Probe (Chrono Boost)  
  53  4:03  Probe (Chrono Boost)  
  53  4:04  Pylon  
  53  4:16  Nexus  
  53  4:19  Probe (Chrono Boost), Pylon  
  53  4:20  Probe (Chrono Boost)  
  53  4:23  Assimilator  
  55  4:27  Assimilator  
  57  4:31  Probe (Chrono Boost)  
  57  4:32  Adept, Probe (Chrono Boost)  
  57  4:37  Forge  
  59  4:38  Twilight Council  
  59  4:41  Shield Battery  
  59  4:43  Probe (Chrono Boost)  
  59  4:44  Probe (Chrono Boost)  
  61  4:50  Sentry  
  61  4:51  Sentry  
  65  4:54  Shield Battery, Protoss Ground Weapons Level 1, Pylon  
  65  4:55  Shield Battery, Probe (Chrono Boost)  
  65  4:58  Blink  
  66  5:02  Probe (Chrono Boost)  
  66  5:06  Stalker  
  69  5:07  Probe (Chrono Boost)  
  69  5:08  Shield Battery  
  70  5:14  Probe (Chrono Boost)  
  70  5:19  Probe (Chrono Boost)  
  70  5:20  Stalker  
  73  5:23  Probe (Chrono Boost)  
  73  5:26  Probe (Chrono Boost)  
  73  5:28  Stalker  
  76  5:29  Probe (Chrono Boost)  
  76  5:31  Probe (Chrono Boost)  
  76  5:34  Probe (Chrono Boost)  
  77  5:41  Sentry  
  81  5:43  Gateway  
  81  5:44  Gateway  
  81  5:49  Probe (Chrono Boost)  
  83  5:50  Probe x2 (Chrono Boost)  
  83  5:53  Assimilator  
  83  5:56  Sentry x2  
  87  6:01  Shield Battery, Probe (Chrono Boost)  
  87  6:02  Probe x2 (Chrono Boost)  
  90  6:11  Assimilator  
  90  6:13  Pylon  
  90  6:14  Probe x3 (Chrono Boost)  
  90  6:15  Pylon  
  90  6:17  Robotics Facility  
  93  6:21  Sentry  
  93  6:22  Stalker  
  100  6:26  Probe x3 (Chrono Boost)  
  100  6:28  Pylon  
  100  6:32  Pylon  
  100  6:34  Pylon  
  100  6:38  Probe (Chrono Boost)  
  100  6:39  Gateway  
  101  6:41  Gateway  
  101  6:43  Pylon  
  101  6:49  Stalker x2  
  105  6:54  Pylon  
  105  6:55  Protoss Ground Weapons Level 2  
  105  6:56  Photon Cannon  
  105  6:57  Stalker  
  107  7:09  Robotics Bay  
  107  7:10  Stalker x2  
  111  7:16  Stalker x2  
  111  7:20  Observer  
  115  7:23  Charge  
  115  7:24  Stalker  
  118  7:33  Pylon  
  118  7:36  Stalker x2  
  120  7:44  Colossus  
  118  7:50  Nexus  
  118  7:53  Pylon  
  118  7:56  Zealot x5  
  128  8:03  Templar Archives, Pylon  
  134  8:07  Extended Thermal Lance  
  134  8:19  Gateway  
  134  8:20  Stalker x2  
  134  8:21  Pylon  
  134  8:23  Gateway  
  138  8:27  Shield Battery  
  138  8:29  Shield Battery  
  138  8:31  Shield Battery  
  138  8:33  Colossus  
  138  8:40  Photon Cannon  
  144  8:49  Stalker  
  144  8:50  Stalker x2  
  144  8:55  Zealot, Probe (Chrono Boost)  
  153  9:04  Stalker x3  
  153  9:24  Zealot x4, Colossus  
  153  9:29  Probe (Chrono Boost)  
  153  9:30  Probe (Chrono Boost)  
  167  9:33  Photon Cannon, Probe x2 (Chrono Boost)  
  167  9:34  Zealot  
  167  9:36  Photon Cannon  
  171  9:41  Probe (Chrono Boost)  
  171  9:45  Probe (Chrono Boost)  
  167  9:47  Zealot x2  
  167  9:48  Zealot x3  
  163  9:55  Probe (Chrono Boost)  
  163  9:58  Probe (Chrono Boost)  
  163  9:59  Probe (Chrono Boost)  
  156  10:06  Zealot x2  
  158  10:09  Warp Prism  
  158  10:10  Probe x2 (Chrono Boost)  
  158  10:11  Probe x2 (Chrono Boost)  
  158  10:13  High Templar x2, Gateway, Protoss Ground Weapons Level 3  
  158  10:14  High Templar x2, Gateway  
  166  10:20  Archon x2  
  169  10:22  Probe (Chrono Boost)  
  169  10:31  High Templar x2  
  169  10:33  Shield Battery, Probe (Chrono Boost)  
  174  10:36  Assimilator, Archon, Shield Battery  
  174  10:41  Assimilator, Probe (Chrono Boost)  
  173  10:44  Pylon  
  173  10:50  Colossus  
  173  10:53  Zealot x7  
  187  11:01  Psionic Storm  
  193  11:05  Pylon  
  160  11:27  Stalker x6  
  160  11:28  Stalker  
  156  11:40  Probe (Chrono Boost)  
  156  11:41  High Templar x2  
  156  11:43  Probe (Chrono Boost)  
  153  11:47  Fleet Beacon, Stargate  
  153  11:50  Warp Prism  
  151  11:55  High Templar  
  151  11:56  High Templar x2  
  151  11:57  Stalker  
  151  11:58  Zealot x3  
  167  12:02  Photon Cannon  
  165  12:15  Zealot x3  
  165  12:16  Zealot, Immortal  
  165  12:22  Zealot x4  
  181  12:33  Zealot x3  
  149  12:38  Archon  
  149  12:40  Zealot x4  
  149  12:41  Colossus  
  124  12:44  Probe (Chrono Boost)  
  124  12:47  Zealot x4  
  127  12:53  Probe (Chrono Boost)  
  127  12:58  Stalker x2, Probe (Chrono Boost)  
  128  13:03  High Templar  
  128  13:04  High Templar x4  
  142  13:07  Zealot  
  142  13:08  Zealot x2  
  142  13:18  Mothership (Chrono Boost)  
  142  13:19  High Templar  
  144  13:26  High Templar x2, Immortal  
  142  13:28  Zealot x3  
  142  13:30  Archon  
  146  13:51  High Templar x2  
  146  13:52  High Templar, Stalker  
  146  13:53  Zealot x5  
  162  14:01  Stalker  
  162  14:02  Stalker  
  166  14:05  Immortal  
  166  14:08  Nexus  
  170  14:12  Pylon  
  170  14:17  Zealot x4  
  170  14:26  Zealot  
  170  14:27  Zealot  
  170  14:28  Stalker x5  
  143  14:40  Zealot x4  
  143  14:47  Colossus  
  143  14:49  Zealot, Probe (Chrono Boost)  
  136  14:54  Zealot x4  
  136  14:59  Probe (Chrono Boost)  
  137  15:05  High Templar x2  
  135  15:11  High Templar x2, Archon  
  135  15:12  High Templar x2  
  143  15:18  Zealot  
  142  15:25  High Templar x2  
  142  15:26  Colossus  
  146  15:33  Sentry  
  148  15:39  Zealot  
  150  15:49  High Templar x2, Nexus  
  160  15:50  Zealot x4  
  160  15:57  Sentry  
  168  16:02  Stalker x2  
  168  16:03  Zealot  
  174  16:09  Pylon  
  174  16:17  Archon  
  133  16:18  Observer  
  133  16:23  Zealot x8  
  142  16:31  Zealot x2  
  97  16:43  Stalker x4  
  97  16:46  High Templar x2  
  107  16:48  High Templar  
  109  17:00  Probe (Chrono Boost)  
  102  17:03  Zealot x3  
  102  17:07  Zealot x4  
  93  17:20  Zealot x2  
  93  17:21  Zealot  
  89  17:32  High Templar x3  
  89  17:33  Zealot x4  
  100  17:41  High Templar x2  
  104  17:45  Stalker  
  106  17:54  Archon  
  106  18:00  Stalker x2, Sentry  
  106  18:04  Nexus  
  110  18:14  Archon  
  86  18:21  Zealot x4  
  86  18:22  Zealot x2  
  86  18:27  Zealot  
Show
View Real Time Build Order
Export as new Build Order

AxImpact Zerg - Winner!

Build Orders: Hatch First, Swarm Host 

Get SALT Encoding   

  12  0:00  Drone  
  13  0:11  Overlord  
  13  0:16  Drone  
  14  0:31  Drone x2  
  14  0:34  Drone  
  17  0:51  Hatchery  
  17  0:54  Drone  
  17  0:58  Drone  
  18  1:08  Extractor  
  17  1:12  Spawning Pool  
  17  1:15  Drone  
  17  1:19  Drone  
  18  1:28  Drone  
  19  1:39  Drone  
  20  1:49  Drone  
  21  1:59  Overlord  
  21  2:03  Queen x2, Zergling x2  
  21  2:08  Metabolic Boost  
  26  2:10  Drone  
  26  2:15  Drone  
  28  2:27  Drone x2  
  30  2:33  Drone  
  30  2:36  Hatchery  
  30  2:41  Drone  
  30  2:43  Drone  
  32  2:46  Pneumatized Carapace  
  32  2:50  Drone  
  33  2:54  Overlord  
  33  2:59  Drone  
  33  3:05  Drone  
  35  3:08  Drone  
  36  3:13  Drone x2  
  36  3:14  Drone x4  
  42  3:20  Drone  
  42  3:23  Drone  
  44  3:34  Overlord  
  44  3:37  Overlord  
  44  3:39  Extractor x2, Queen  
  44  3:44  Lair  
  44  3:49  Drone x5  
  44  3:50  Drone  
  44  3:52  Spore Crawler  
  49  3:57  Spore Crawler x2  
  49  3:59  Drone  
  49  4:02  Drone  
  49  4:04  Drone  
  49  4:05  Drone  
  49  4:07  Evolution Chamber  
  48  4:13  Zergling x4  
  46  4:17  Drone  
  46  4:20  Drone  
  46  4:22  Drone  
  49  4:25  Zergling x2  
  49  4:27  Zergling x2  
  49  4:28  Zergling x2  
  49  4:31  Zergling x2  
  53  4:32  Zergling x2  
  53  4:36  Zerg Missile Weapons Level 1  
  55  4:38  Drone  
  55  4:39  Drone  
  55  4:44  Hydralisk Den, Drone  
  56  4:46  Overseer  
  56  4:48  Drone  
  57  4:53  Drone  
  57  4:54  Overlord  
  58  5:00  Overlord  
  58  5:11  Extractor, Overlord  
  58  5:12  Drone  
  58  5:14  Muscular Augments, Drone x4  
  60  5:16  Drone  
  60  5:18  Drone  
  60  5:20  Drone x2  
  66  5:23  Drone  
  66  5:25  Drone  
  66  5:26  Drone  
  66  5:28  Drone x2  
  70  5:30  Drone  
  70  5:32  Drone  
  70  5:36  Drone x2  
  70  5:40  Drone  
  70  5:42  Drone x2  
  74  5:45  Extractor  
  74  5:47  Drone  
  74  5:48  Hydralisk x2  
  74  5:49  Overlord  
  78  5:52  Overlord  
  78  5:56  Overlord  
  78  5:58  Hydralisk  
  78  5:59  Hydralisk  
  78  6:05  Drone  
  78  6:06  Drone x2  
  78  6:07  Drone  
  78  6:08  Hydralisk, Zergling x2  
  84  6:11  Hydralisk, Overseer  
  84  6:16  Hydralisk  
  84  6:17  Hydralisk  
  89  6:18  Hydralisk  
  89  6:23  Hydralisk  
  89  6:24  Hydralisk  
  95  6:26  Hydralisk  
  97  6:34  Drone  
  97  6:36  Infestation Pit  
  97  6:37  Hatchery  
  96  6:41  Overlord x2  
  96  6:43  Hydralisk  
  96  6:44  Overlord  
  96  6:45  Hydralisk  
  99  6:47  Hydralisk  
  99  6:52  Hydralisk, Drone  
  99  6:53  Hydralisk  
  106  6:55  Overlord  
  106  6:58  Overlord  
  106  7:02  Overlord  
  106  7:03  Overlord  
  106  7:14  Drone x7  
  106  7:15  Drone x3  
  116  7:16  Drone  
  116  7:17  Extractor, Drone  
  116  7:21  Zergling x2  
  116  7:22  Zergling x6  
  121  7:24  Zergling x2  
  121  7:27  Zerg Missile Weapons Level 2, Zergling x4  
  123  7:35  Zergling x6  
  126  7:39  Zergling x6  
  129  7:47  Overlord x2  
  129  7:48  Overlord  
  129  7:49  Queen  
  131  7:52  Spore Crawler  
  131  7:55  Swarm Host x5  
  131  7:57  Swarm Host  
  148  8:01  Swarm Host  
  148  8:04  Overlord x2  
  151  8:06  Zergling x2  
  151  8:07  Swarm Host  
  151  8:10  Swarm Host x2  
  160  8:14  Swarm Host x2  
  160  8:18  Swarm Host x2  
  172  8:24  Overlord  
  172  8:25  Hydralisk x3  
  177  8:30  Drone  
  177  8:31  Evolution Chamber, Hydralisk  
  177  8:32  Zergling x2  
  179  8:34  Hydralisk  
  179  8:35  Zergling x2  
  179  8:38  Hydralisk  
  179  8:39  Zergling x2  
  185  8:43  Hydralisk  
  185  8:44  Spire  
  185  8:46  Hydralisk  
  185  8:47  Zergling x2  
  189  8:48  Hydralisk  
  189  8:49  Zergling x2  
  189  8:53  Hydralisk  
  189  8:54  Zergling x6  
  197  8:57  Hydralisk  
  198  9:08  Hatchery  
  198  9:09  Hydralisk, Zergling x2  
  197  9:20  Hydralisk  
  197  9:21  Zergling x6  
  195  9:25  Hydralisk, Zergling x2  
  195  9:26  Zergling x8  
  195  9:30  Overlord  
  195  9:31  Overlord  
  196  9:35  Overlord  
  194  9:43  Hydralisk  
  194  9:44  Overlord, Zergling x4  
  185  9:47  Hydralisk x2  
  185  9:48  Zergling x12  
  185  9:51  Hydralisk, Zergling x2  
  185  9:52  Hydralisk, Zergling x4  
  177  9:55  Hydralisk  
  177  9:56  Zergling x2  
  177  9:59  Zerg Ground Armor Level 1  
  170  10:02  Baneling Nest  
  170  10:03  Corruptor  
  170  10:04  Corruptor  
  170  10:06  Corruptor  
  172  10:08  Corruptor  
  172  10:11  Corruptor  
  178  10:16  Corruptor  
  178  10:17  Corruptor  
  178  10:20  Corruptor  
  183  10:28  Hydralisk x3  
  183  10:29  Zergling x4  
  183  10:31  Zergling x2  
  183  10:32  Zergling x2  
  183  10:35  Hydralisk  
  192  10:36  Zergling x6  
  192  10:39  Hydralisk  
  192  10:40  Zergling x4  
  186  10:45  Hydralisk, Drone x3  
  190  10:50  Centrifical Hooks  
  190  10:51  Zergling x2  
  190  10:52  Zergling x4  
  190  10:53  Zergling x2  
  190  10:54  Zergling x2  
  190  10:56  Zergling x4  
  194  10:58  Corruptor  
  194  11:03  Hydralisk  
  196  11:04  Zergling x4  
  200  11:18  Hydralisk, Zergling x2  
  184  11:27  Hydralisk  
  184  11:28  Hydralisk x2, Zergling x6  
  184  11:29  Zergling x2  
  184  11:30  Hydralisk  
  184  11:31  Zergling x6  
  199  11:35  Hydralisk  
  199  11:36  Zergling x4  
  199  11:37  Zerg Melee Weapons Level 1  
  199  11:38  Drone x2  
  199  11:40  Drone  
  199  11:44  Hydralisk, Zergling x2  
  200  11:48  Baneling x8  
  200  11:49  Baneling x5  
  200  11:52  Baneling  
  200  12:01  Extractor  
  200  12:02  Baneling x9  
  200  12:06  Zergling x2  
  199  12:19  Hatchery  
  199  12:20  Zergling x2  
  175  12:38  Hydralisk x2  
  175  12:39  Hydralisk x8, Zergling x2  
  175  12:40  Zergling x18  
  175  12:42  Hydralisk x2  
  175  12:43  Zergling x4  
  196  12:46  Spine Crawler  
  196  12:47  Spine Crawler x2, Drone x3  
  196  12:49  Spine Crawler x2  
  196  12:50  Zergling x2  
  171  12:54  Zergling x14  
  172  13:01  Hydralisk x4  
  172  13:04  Drone  
  169  13:06  Drone  
  169  13:08  Drone  
  169  13:13  Hydralisk  
  169  13:14  Zergling x6  
  169  13:16  Hydralisk  
  169  13:17  Zergling x2  
  176  13:20  Overseer x2  
  176  13:25  Hydralisk, Zergling x2  
  176  13:26  Zergling x4  
  181  13:28  Hydralisk  
  181  13:31  Drone x3  
  186  13:35  Hydralisk, Zergling x2  
  186  13:36  Zergling x2  
  186  13:37  Hydralisk  
  186  13:38  Zergling x4  
  188  13:41  Hydralisk  
  188  13:42  Zergling x2  
  188  13:43  Hydralisk  
  188  13:44  Zergling x2  
  188  13:46  Drone  
  188  13:48  Baneling x5  
  192  13:49  Baneling  
  192  13:50  Zergling x2  
  192  13:54  Zergling x4  
  192  13:55  Zergling x4  
  197  13:57  Drone  
  197  13:58  Drone x2  
  197  14:01  Baneling x8  
  197  14:02  Baneling  
  200  14:18  Baneling  
  200  14:19  Baneling x5  
  188  14:31  Hydralisk x3  
  188  14:32  Zergling x10  
  188  14:34  Hydralisk  
  188  14:35  Zergling x2  
  178  14:39  Hydralisk, Zergling x2  
  178  14:40  Zergling x6  
  156  14:46  Zergling x14  
  156  14:47  Zergling x6  
  156  14:49  Hydralisk x4  
  150  14:53  Zerg Melee Weapons Level 2, Zerg Ground Armor Level 2  
  150  14:56  Hydralisk, Zergling x2  
  150  14:57  Zergling x6  
  150  14:58  Hydralisk  
  150  14:59  Zergling x4  
  159  15:01  Hydralisk  
  152  15:07  Hydralisk  
  152  15:08  Zergling x4  
  152  15:10  Hydralisk  
  152  15:11  Zergling x4  
  156  15:16  Hydralisk x3  
  156  15:21  Hydralisk x3  
  162  15:23  Baneling x6  
  162  15:25  Baneling  
  162  15:26  Baneling  
  168  15:29  Zergling x10  
  168  15:30  Hydralisk, Zergling x2  
  168  15:33  Baneling x2  
  168  15:34  Drone  
  177  15:37  Baneling  
  177  15:38  Baneling x2  
  177  15:39  Drone x2, Zergling x2  
  177  15:40  Zergling x2  
  178  15:43  Overseer  
  178  15:44  Overseer  
  178  15:45  Overseer  
  178  15:46  Zergling x2  
  178  15:47  Zergling x2  
  176  15:50  Hydralisk, Zergling x6  
  176  15:52  Drone  
  176  15:53  Extractor, Hydralisk, Drone x2  
  176  15:54  Zergling x2  
  186  15:58  Hydralisk, Zergling x2  
  186  16:00  Zergling x2  
  186  16:03  Baneling x5  
  182  16:14  Hydralisk x3  
  182  16:15  Hydralisk  
  182  16:17  Hydralisk  
  150  16:18  Zergling x4  
  150  16:20  Zergling x4  
  150  16:21  Zergling x4  
  150  16:24  Hydralisk  
  150  16:25  Zergling x16  
  155  16:28  Hydralisk  
  155  16:29  Zergling x4  
  155  16:30  Hydralisk  
  155  16:32  Hydralisk  
  150  16:35  Hydralisk  
  150  16:36  Hydralisk, Zergling x2  
  150  16:40  Hydralisk  
  150  16:41  Zergling x2  
  150  16:42  Hydralisk  
  150  16:43  Zergling x2  
  150  16:45  Zergling x6  
  149  16:47  Hydralisk  
  149  16:50  Baneling x3, Zergling x2  
  149  16:52  Zergling x2  
  149  16:53  Hydralisk  
  146  16:56  Hydralisk, Zergling x2  
  146  16:59  Hydralisk  
  144  17:02  Zergling x2  
  144  17:04  Hydralisk  
  144  17:05  Zergling x2  
  144  17:06  Zergling x2  
  144  17:07  Zergling x2  
  143  17:11  Hydralisk  
  143  17:12  Hydralisk  
  143  17:14  Hydralisk  
  141  17:16  Hydralisk  
  141  17:17  Zergling x2  
  141  17:20  Hydralisk  
  141  17:21  Zergling x2  
  144  17:23  Zergling x2  
  144  17:26  Hydralisk  
  144  17:27  Zergling x2  
  144  17:28  Hydralisk  
  144  17:29  Hydralisk, Zergling x8  
  142  17:31  Zergling x4  
  142  17:32  Zergling x2  
  142  17:36  Extractor, Hydralisk  
  145  17:37  Zergling x2  
  145  17:41  Baneling x2  
  145  17:42  Zergling x8  
  150  17:46  Hydralisk, Zergling x2  
  150  17:47  Hydralisk  
  154  17:52  Baneling x7  
  154  17:53  Zergling x6  
  154  17:54  Queen  
  154  17:56  Hydralisk, Zergling x2  
  154  17:57  Extractor, Zergling x2  
  162  17:59  Hydralisk  
  162  18:00  Zergling x4  
  162  18:02  Hydralisk  
  162  18:03  Zergling x2  
  162  18:05  Hydralisk  
  169  18:06  Zergling x2  
  169  18:07  Zergling x2  
  169  18:08  Hydralisk  
  169  18:11  Hatchery  
  166  18:16  Hydralisk  
  166  18:17  Zergling x2  
  147  18:20  Hydralisk  
  147  18:21  Hydralisk, Zergling x4  
  147  18:23  Hydralisk  
  147  18:24  Zergling x4  
  147  18:26  Zergling x2  
Tags
 
Add a new tag
Caveats
  • Supply blocks, unpowered buildings, or Contaminate may cause inaccurate times.
  • Supply counts are checked every 10 seconds.